[Event "Turkish Super League 2019"]
[Site "Konya"]
[Date "2019.07.19"]
[Round "3"]
[White "Firat, Burak"]
[Black "Annaberdiyev, Babageldi"]
[Result "1-0"]
[ECO "C18"]
[WhiteElo "2463"]
[BlackElo "2244"]
[Annotator "ChessBase"]
[PlyCount "139"]
[EventDate "2019.07.17"]
[EventType "team-tourn"]
[EventCountry "TUR"]
[SourceTitle "playchess.com"]
[Source "ChessBase"]
[SourceQuality "1"]
[TimeControl "40/5400+30:1800+30"]

1. e4 e6 2. d4 d5 3. Nc3 Bb4 4. e5 c5 5. a3 Bxc3+ 6. bxc3 Ne7 7. h4 Qa5 8. Bd2 c4 9. h5 h6 10. f4 Qa4 11. g4 Nbc6 12. Bh3 Bd7 13. Ne2 O-O-O 14. O-O g6 15. Ng3 Rdg8 16. Kh2 Kb8 17. f5 g5 18. Be3 Nc8 19. Qd2 Nb6 20. fxe6 fxe6 21. Rf6 Qa5 22. Ne2 Bc8 23. Qe1 Qa4 24. Qd2 Qa5 25. Bg2 Ka8 26. Qe1 Qa4 27. Qd2 Qa5 28. Qe1 Qa4 29. Qc1 Re8 30. Qb2 Nd7 31. Rf2 Qa5 32. Raf1 Qc7 33. Kh1 Ref8 34. Qc1 Qd8 35. Kg1 Qe7 36. Rxf8 Rxf8 37. Rxf8 Nxf8 38. a4 Nh7 39. Qa1 Bd7 40. Bc1 b6 41. Ng3 Kb7 42. Ba3 Qf7 43. Qf1 Qxf1+ 44. Kxf1 Nd8 45. a5 Ba4 46. Nf5 Bxc2 47. Nxh6 bxa5 48. Ke1 Kc7 49. Kd2 Bd3 50. Bf3 a6 51. Bd1 Nc6 52. Bc5 Be4 53. Ng8 Nd8 54. Ke3 Nc6 55. Ba4 Bb1 56. Nf6 Bd3 57. Kd2 Bb1 58. Bd6+ Kb7 59. Kc1 Bd3 60. h6 Nd8 61. Nxh7 Bxh7 62. Bc2 Nf7 63. Bf8 Be4 64. h7 a4 65. Bxe4 dxe4 66. d5 Kc8 67. dxe6 Nh8 68. Kd2 Kd8 69. Ke3 Ke8 70. Ba3 1-0

[Event "Turkish Super League 2019"]
[Site "Konya"]
[Date "2019.07.19"]
[Round "3"]
[White "Soysal, Serkan"]
[Black "Gulbas, Cemil"]
[Result "1-0"]
[ECO "E71"]
[WhiteElo "2431"]
[BlackElo "2380"]
[Annotator "NA"]
[PlyCount "57"]
[EventDate "2019.07.17"]
[EventType "team-tourn"]
[EventCountry "TUR"]
[SourceTitle "playchess.com"]
[Source "ChessBase"]
[SourceQuality "1"]
[TimeControl "40/5400+30:1800+30"]

1. d4 Nf6 2. c4 g6 3. Nc3 Bg7 4. e4 O-O 5. Be3 d6 6. h3 e5 7. d5 a5 8. g4 Na6 9. Nge2 Nd7 10. Qd2 Ndc5 11. Ng3 c6 12. Be2 a4 13. h4 Qa5 14. h5 Re8 15. Kf1 cxd5 16. cxd5 Bd7 17. Kg2 Rac8 18. hxg6 fxg6 19. Rab1 Rf8 20. Nb5 Qb6 21. Na3 Rf7 22. Nc4 Qc7 23. b4 axb3 24. axb3 Bf8 25. Rhc1 Qd8 26. Na5 Be8 27. b4 Na4 28. Nxb7 Rxb7 29. Rxc8 1-0

[Event "Turkish Super League 2019"]
[Site "Konya"]
[Date "2019.07.19"]
[Round "3"]
[White "Szczepkowska, Karina"]
[Black "Maltsevskaya, Aleksandra"]
[Result "1/2-1/2"]
[ECO "A50"]
[WhiteElo "2425"]
[BlackElo "2294"]
[Annotator "NA"]
[PlyCount "60"]
[EventDate "2019.07.17"]
[EventType "team-tourn"]
[EventCountry "TUR"]
[SourceTitle "playchess.com"]
[Source "ChessBase"]
[SourceQuality "1"]
[TimeControl "40/5400+30:1800+30"]

1. d4 Nf6 2. c4 b6 3. Nf3 Bb7 4. g3 g6 5. Bg2 Bg7 6. O-O O-O 7. Nc3 Ne4 8. Nxe4 Bxe4 9. d5 e5 10. Bd2 d6 11. Qc1 Bxf3 12. exf3 a5 13. Rb1 Nd7 14. b3 f5 15. Qc2 Qf6 16. a3 Qf7 17. Rbd1 Ra7 18. Bc1 Rb8 19. Rfe1 Rab7 20. f4 e4 21. f3 exf3 22. Bxf3 b5 23. cxb5 Rxb5 24. Qxc7 Rxb3 25. Bg2 Bf8 26. Qxa5 Nc5 27. Re3 Rb1 28. Ree1 R1b3 29. Re3 Rb1 30. Ree1 R1b3 1/2-1/2

[Event "Turkish Super League 2019"]
[Site "Konya"]
[Date "2019.07.19"]
[Round "3"]
[White "Tsolakidou, Stavroula"]
[Black "Mammadzada, Gunay"]
[Result "1-0"]
[ECO "B51"]
[WhiteElo "2423"]
[BlackElo "2427"]
[Annotator "NA"]
[PlyCount "68"]
[EventDate "2019.07.17"]
[EventType "team-tourn"]
[EventCountry "TUR"]
[SourceTitle "playchess.com"]
[Source "ChessBase"]
[SourceQuality "1"]
[TimeControl "40/5400+30:1800+30"]

1. e4 c5 2. Nf3 d6 3. Bb5+ Nd7 4. Ba4 Ngf6 5. O-O e6 6. Re1 Be7 7. c3 a6 8. d4 b5 9. Bc2 Bb7 10. Nbd2 cxd4 11. cxd4 e5 12. Nf1 O-O 13. d5 Nb6 14. Bd3 Re8 15. b3 Nfd7 16. Bd2 f5 17. Ba5 Qb8 18. a4 bxa4 19. bxa4 Qa7 20. Rb1 Rab8 21. Ne3 f4 22. Nf5 Bf8 23. Ng5 g6 24. Nh4 Bh6 25. Ne6 Na8 26. Bb4 Nc5 27. Bxc5 dxc5 28. Qg4 Bc8 29. Rxb8 Qxb8 30. Nxg6 Bxe6 31. Ne7+ Kh8 32. Qxe6 c4 33. Qxh6 Rxe7 34. Rb1 Re6 1-0

[Event "Turkish Super League 2019"]
[Site "Konya"]
[Date "2019.07.19"]
[Round "3"]
[White "Kerigan, Demre"]
[Black "Haznedaroglu, Kivanc"]
[Result "0-1"]
[ECO "B25"]
[WhiteElo "2398"]
[BlackElo "2448"]
[Annotator "NA"]
[PlyCount "80"]
[EventDate "2019.07.17"]
[EventType "team-tourn"]
[EventCountry "TUR"]
[SourceTitle "playchess.com"]
[Source "ChessBase"]
[SourceQuality "1"]
[TimeControl "40/5400+30:1800+30"]

1. e4 c5 2. Nc3 a6 3. g3 g6 4. Bg2 Bg7 5. Nge2 Nc6 6. d3 d6 7. O-O e6 8. f4 Nge7 9. Be3 Nd4 10. Qd2 O-O 11. g4 f5 12. exf5 exf5 13. g5 Be6 14. Rae1 Bf7 15. Nc1 Qd7 16. Nd1 Rae8 17. c3 Ndc6 18. Bf2 b5 19. Ne3 Qc7 20. Nb3 a5 21. d4 a4 22. dxc5 Rd8 23. cxd6 axb3 24. Rd1 Qb8 25. axb3 Bxb3 26. dxe7 Nxe7 27. Qe2 Bxd1 28. Nxd1 Rfe8 29. Qe6+ Kh8 30. Qf7 Qxf4 31. Bb6 Qxg5 32. Bxd8 Rxd8 33. Re1 Ng8 34. Nf2 b4 35. Qc7 bxc3 36. bxc3 Rd2 37. Qc4 Rc2 38. Qd5 Qd2 39. Nd3 Qxc3 40. Re8 Bd4+ 0-1

[Event "Turkish Super League 2019"]
[Site "Konya"]
[Date "2019.07.19"]
[Round "3"]
[White "Yurtseven, Melih"]
[Black "Ozen, Deniz"]
[Result "1/2-1/2"]
[ECO "D11"]
[WhiteElo "2381"]
[BlackElo "2430"]
[Annotator "NA"]
[PlyCount "106"]
[EventDate "2019.07.17"]
[EventType "team-tourn"]
[EventCountry "TUR"]
[SourceTitle "playchess.com"]
[Source "ChessBase"]
[SourceQuality "1"]
[TimeControl "40/5400+30:1800+30"]

1. Nf3 Nf6 2. c4 c6 3. d4 d5 4. Qc2 dxc4 5. e4 Bg4 6. Be3 Nbd7 7. Nbd2 e6 8. Bxc4 Be7 9. Bd3 Bxf3 10. Nxf3 Bb4+ 11. Kf1 h6 12. h3 Be7 13. g3 O-O 14. Kg2 c5 15. Qe2 cxd4 16. Bxd4 Bc5 17. Bc3 Qe7 18. e5 Nd5 19. Bd2 f5 20. exf6 Rxf6 21. Rhf1 Raf8 22. Be4 Qf7 23. Be1 Qh5 24. Rd1 Kh8 25. Bxd5 exd5 26. Nd4 Qf7 27. Bc3 Bb6 28. Rde1 Nc5 29. f3 Na4 30. Qe7 Nxc3 31. Qxf7 R6xf7 32. bxc3 Bxd4 33. cxd4 Rc7 34. Re5 Rd8 35. Rf2 Rc4 36. Rd2 Rd7 37. f4 b5 38. Kf3 b4 39. Kg4 Kg8 40. f5 Rc3 41. Re6 a5 42. Ra6 Re7 43. Kh4 Ree3 44. Rg2 Rcd3 45. Rxa5 Rxd4+ 46. g4 Kh7 47. Rh2 Rf3 48. Kh5 Rg3 49. Ra6 Rd2 50. Rh1 Rd1 51. Rh2 Rd2 52. Rh1 Rd1 53. Rh2 Rd2 1/2-1/2

[Event "Turkish Super League 2019"]
[Site "Konya"]
[Date "2019.07.19"]
[Round "3"]
[White "Selbes, Tarik"]
[Black "Ertan, Can"]
[Result "0-1"]
[ECO "E00"]
[WhiteElo "2342"]
[BlackElo "2396"]
[Annotator "NA"]
[PlyCount "78"]
[EventDate "2019.07.17"]
[EventType "team-tourn"]
[EventCountry "TUR"]
[SourceTitle "playchess.com"]
[Source "ChessBase"]
[SourceQuality "1"]
[TimeControl "40/5400+30:1800+30"]

1. d4 Nf6 2. c4 e6 3. a3 b6 4. Nc3 d5 5. cxd5 exd5 6. Bg5 Be7 7. e3 O-O 8. Nf3 h6 9. Bf4 Nh5 10. Be5 Nc6 11. Rc1 Nf6 12. Nb5 Nxe5 13. Nxe5 c5 14. Be2 Bb7 15. Bf3 Nd7 16. Nd3 c4 17. Nf4 Nf6 18. h4 Ne4 19. Bxe4 dxe4 20. Qh5 Qd7 21. Nc3 Rad8 22. g4 Bd6 23. Nce2 b5 24. g5 g6 25. Qxh6 Rfe8 26. Nh5 gxh5 27. g6 fxg6 28. Qxg6+ Kh8 29. Rg1 Re6 30. Qxh5+ Qh7 31. Qxb5 Ba6 32. Qa5 Rf8 33. Rg5 Rh6 34. Ng3 Rxh4 35. Nf5 Rh5 36. Nxd6 Rxg5 37. Qxg5 Qh1+ 38. Ke2 c3+ 39. Nb5 Qf3+ 0-1

[Event "Turkish Super League 2019"]
[Site "Konya"]
[Date "2019.07.19"]
[Round "3"]
[White "Ozturk, Kubra"]
[Black "Daulyte-Cornette, Deimante"]
[Result "1/2-1/2"]
[ECO "E46"]
[WhiteElo "2317"]
[BlackElo "2444"]
[Annotator "NA"]
[PlyCount "71"]
[EventDate "2019.07.17"]
[EventType "team-tourn"]
[EventCountry "TUR"]
[SourceTitle "playchess.com"]
[Source "ChessBase"]
[SourceQuality "1"]
[TimeControl "40/5400+30:1800+30"]

1. d4 Nf6 2. c4 e6 3. Nc3 Bb4 4. e3 O-O 5. Nge2 Re8 6. a3 Bf8 7. Ng3 d5 8. cxd5 exd5 9. b4 a5 10. Rb1 axb4 11. axb4 Nc6 12. b5 Na5 13. Bd3 c5 14. bxc6 bxc6 15. O-O Ba6 16. Bxa6 Rxa6 17. Qd3 Rb6 18. Rxb6 Qxb6 19. Bd2 Nc4 20. Rb1 Qc7 21. Bc1 h5 22. h3 g6 23. Nf1 Bh6 24. e4 Bxc1 25. exd5 cxd5 26. Rxc1 Rc8 27. Ne3 Nxe3 28. Qxe3 Ne4 29. Ne2 Qd7 30. Rxc8+ Qxc8 31. f3 Nf6 32. Qe5 Qe6 33. Nf4 Qxe5 34. dxe5 Nd7 35. Nxd5 Nxe5 36. h4 1/2-1/2

[Event "Turkish Super League 2019"]
[Site "Konya"]
[Date "2019.07.19"]
[Round "3"]
[White "Tasdogen, Dincer"]
[Black "Samani, Yamac"]
[Result "1/2-1/2"]
[ECO "A05"]
[WhiteElo "2310"]
[BlackElo "2266"]
[Annotator "NA"]
[PlyCount "60"]
[EventDate "2019.07.17"]
[EventType "team-tourn"]
[EventCountry "TUR"]
[SourceTitle "playchess.com"]
[Source "ChessBase"]
[SourceQuality "1"]
[TimeControl "40/5400+30:1800+30"]

1. e4 c5 2. Nf3 d6 3. g3 Nf6 4. d3 g6 5. Bg2 Bg7 6. O-O O-O 7. Re1 Nc6 8. c3 e5 9. a3 a5 10. a4 h6 11. Na3 Re8 12. Nd2 Be6 13. Ndc4 d5 14. exd5 Nxd5 15. Nb5 Re7 16. Qc2 Rd7 17. b3 Rc8 18. Ba3 b6 19. Rad1 h5 20. Bf3 Bf5 21. Qe2 h4 22. Bb2 hxg3 23. hxg3 Nde7 24. Be4 Be6 25. Bg2 Nd5 26. Nd2 Nde7 27. Nc4 Nd5 28. Nd2 Nde7 29. Nc4 Nd5 30. Nd2 Nde7 1/2-1/2

[Event "Turkish Super League 2019"]
[Site "Konya"]
[Date "2019.07.19"]
[Round "3"]
[White "Caglar, Sila"]
[Black "Atalik, Ekaterina"]
[Result "1/2-1/2"]
[ECO "C54"]
[WhiteElo "2306"]
[BlackElo "2459"]
[Annotator "ChessBase"]
[PlyCount "109"]
[EventDate "2019.07.17"]
[EventType "team-tourn"]
[EventCountry "TUR"]
[SourceTitle "playchess.com"]
[Source "ChessBase"]
[SourceQuality "1"]
[TimeControl "40/5400+30:1800+30"]

1. e4 e5 2. Nf3 Nc6 3. Bc4 Bc5 4. c3 Nf6 5. d3 d6 6. a4 a5 7. Bg5 h6 8. Bh4 Qe7 9. Qb3 g5 10. Bg3 Nh5 11. Nbd2 O-O 12. h3 Nd8 13. d4 Ba7 14. O-O-O Nxg3 15. fxg3 c6 16. g4 Kg7 17. Qa3 Rb8 18. dxe5 Bc5 19. exd6 Bxd6 20. Qa2 b5 21. axb5 cxb5 22. Bd5 a4 23. e5 Bc7 24. h4 Bxg4 25. hxg5 h5 26. Qb1 b4 27. c4 a3 28. Qe4 b3 29. Kb1 axb2 30. Qf4 Rb6 31. Qf6+ Qxf6 32. gxf6+ Kh6 33. Kxb2 Ne6 34. Bxe6 Rxe6 35. Rde1 Rb8 36. Re4 Bf5 37. Reh4 Bg6 38. Re1 Rbe8 39. c5 Bxe5+ 40. Nxe5 Rxe5 41. Rxe5 Rxe5 42. c6 Re2 43. Rd4 Rxg2 44. Kxb3 Bf5 45. Rd8 Be6+ 46. Kc3 Rg3+ 47. Kd4 Ra3 48. Ne4 Ra4+ 49. Ke5 Rc4 50. Ng3 Rxc6 51. Rh8+ Kg6 52. Rg8+ Kh7 53. Rg7+ Kh8 54. Rg5 Rc5+ 55. Ke4 1/2-1/2

[Event "Turkish Super League 2019"]
[Site "Konya"]
[Date "2019.07.19"]
[Round "3"]
[White "Dordzhieva, Dinara"]
[Black "Savina, Anastasia"]
[Result "1/2-1/2"]
[ECO "E62"]
[WhiteElo "2306"]
[BlackElo "2344"]
[Annotator "NA"]
[PlyCount "94"]
[EventDate "2019.07.17"]
[EventType "team-tourn"]
[EventCountry "TUR"]
[SourceTitle "playchess.com"]
[Source "ChessBase"]
[SourceQuality "1"]
[TimeControl "40/5400+30:1800+30"]

1. d4 Nf6 2. c4 g6 3. Nc3 Bg7 4. Nf3 O-O 5. g3 d6 6. Bg2 Nc6 7. O-O e5 8. dxe5 dxe5 9. Qxd8 Rxd8 10. Bg5 Be6 11. Nd2 h6 12. Bxf6 Bxf6 13. Nde4 Be7 14. Nd5 Rac8 15. Nxe7+ Nxe7 16. b3 b6 17. Rfd1 f5 18. Nc3 c6 19. h4 Kf7 20. e3 Kf6 21. f4 g5 22. hxg5+ hxg5 23. Kf2 Bf7 24. Rxd8 Rxd8 25. Rd1 Rxd1 26. Nxd1 b5 27. cxb5 cxb5 28. Nc3 b4 29. Nb5 a6 30. Nd6 gxf4 31. gxf4 Bd5 32. Ne8+ Kf7 33. Nc7 Bxg2 34. Kxg2 e4 35. Nxa6 Nd5 36. Kf2 Ke7 37. Nc5 Nc3 38. Na4 Nxa2 39. Nb6 Ke6 40. Nc4 Nc1 41. Nd2 Nd3+ 42. Kg3 Kf6 43. Nc4 Nc1 44. Na5 Kg6 45. Nc6 Nxb3 46. Nxb4 Nd2 47. Nc6 Kf6 1/2-1/2

[Event "Turkish Super League 2019"]
[Site "Konya"]
[Date "2019.07.19"]
[Round "3"]
[White "Injac, Teodora"]
[Black "Osmak, Iulija"]
[Result "0-1"]
[ECO "E14"]
[WhiteElo "2305"]
[BlackElo "2395"]
[Annotator "NA"]
[PlyCount "96"]
[EventDate "2019.07.17"]
[EventType "team-tourn"]
[EventCountry "TUR"]
[SourceTitle "playchess.com"]
[Source "ChessBase"]
[SourceQuality "1"]
[TimeControl "40/5400+30:1800+30"]

1. d4 Nf6 2. Nf3 e6 3. e3 b6 4. Bd3 Bb7 5. O-O c5 6. c4 g6 7. Nc3 Bg7 8. d5 exd5 9. cxd5 Nxd5 10. Nb5 O-O 11. Nd6 Bc6 12. e4 Nc7 13. Bg5 Bf6 14. h4 Ne6 15. Qd2 a5 16. Rae1 Na6 17. e5 Be7 18. Be4 Nxg5 19. Nxg5 Nc7 20. Rd1 f6 21. Bxc6 dxc6 22. exf6 Bxf6 23. Qe2 Bxg5 24. Ne4 Nd5 25. Nxg5 Qf6 26. Rde1 Ra7 27. Qg4 Re7 28. Rxe7 Qxe7 29. Qd1 Qf6 30. Qc2 Re8 31. Rd1 Kg7 32. a3 Re5 33. Nf3 Re7 34. Ng5 Nf4 35. Qb3 b5 36. Kh2 Nd5 37. Qc2 c4 38. Kg1 Nf4 39. a4 Nd3 40. axb5 cxb5 41. Rb1 a4 42. Qd2 Qf4 43. Qc3+ Qe5 44. Qa5 Qd4 45. Qxb5 Qxf2+ 46. Kh2 Nf4 47. Rg1 Qxh4+ 48. Nh3 Nxh3 0-1

[Event "Turkish Super League 2019"]
[Site "Konya"]
[Date "2019.07.19"]
[Round "3"]
[White "Sevgi, Volkan"]
[Black "Can, Isik"]
[Result "0-1"]
[ECO "B11"]
[WhiteElo "2302"]
[BlackElo "2374"]
[Annotator "NA"]
[PlyCount "66"]
[EventDate "2019.07.17"]
[EventType "team-tourn"]
[EventCountry "TUR"]
[SourceTitle "playchess.com"]
[Source "ChessBase"]
[SourceQuality "1"]
[TimeControl "40/5400+30:1800+30"]

1. e4 c6 2. Nc3 d5 3. Nf3 Nf6 4. e5 Ne4 5. Ne2 Qb6 6. d4 e6 7. Nfg1 f6 8. f3 Ng5 9. exf6 gxf6 10. f4 Nf7 11. Ng3 e5 12. fxe5 fxe5 13. Nf3 Be6 14. Be2 Nd7 15. Ng5 Nxg5 16. Bxg5 Be7 17. Bh5+ Kd8 18. Bxe7+ Kxe7 19. O-O Raf8 20. Bf3 Kd6 21. Ne2 e4 22. Bh5 Nf6 23. c4 dxc4 24. Nc3 Nxh5 25. Qxh5 Qxd4+ 26. Kh1 Rxf1+ 27. Rxf1 Qe5 28. Rd1+ Bd5 29. Qf7 e3 30. Qxb7 e2 31. Re1 Rf8 32. Qb4+ c5 33. Nb5+ Kd7 0-1

[Event "Turkish Super League 2019"]
[Site "Konya"]
[Date "2019.07.19"]
[Round "3"]
[White "Eren, Ataberk"]
[Black "Kamer, Kayra"]
[Result "0-1"]
[ECO "B43"]
[WhiteElo "2295"]
[BlackElo "2340"]
[Annotator "NA"]
[PlyCount "66"]
[EventDate "2019.07.17"]
[EventType "team-tourn"]
[EventCountry "TUR"]
[SourceTitle "playchess.com"]
[Source "ChessBase"]
[SourceQuality "1"]
[TimeControl "40/5400+30:1800+30"]

1. e4 c5 2. Nf3 e6 3. d4 cxd4 4. Nxd4 a6 5. Nc3 b5 6. g3 Bb7 7. Bg2 Nf6 8. O-O b4 9. Na4 Bxe4 10. Bxe4 Nxe4 11. Re1 Nc5 12. Qf3 Ra7 13. Nxc5 Bxc5 14. Be3 Qb6 15. Nf5 O-O 16. Nxg7 Bxe3 17. Nh5 Bxf2+ 18. Kg2 f5 19. Qf4 Bd4 20. Rad1 Qc6+ 21. Kh3 e5 22. Qh4 Qg6 23. Kg2 d6 24. c3 bxc3 25. bxc3 Bxc3 26. Qc4+ Raf7 27. Qxc3 Qxh5 28. Rxd6 f4 29. h4 fxg3 30. Rxe5 Rf2+ 31. Kg1 Rf1+ 32. Kg2 R8f2+ 33. Kh3 Rh2+ 0-1

[Event "Turkish Super League 2019"]
[Site "Konya"]
[Date "2019.07.19"]
[Round "3"]
[White "Yildiz Kadioglu, Betul Cemre"]
[Black "Buksa, Nataliya"]
[Result "1/2-1/2"]
[ECO "D35"]
[WhiteElo "2290"]
[BlackElo "2379"]
[Annotator "NA"]
[PlyCount "100"]
[EventDate "2019.07.17"]
[EventType "team-tourn"]
[EventCountry "TUR"]
[SourceTitle "playchess.com"]
[Source "ChessBase"]
[SourceQuality "1"]
[TimeControl "40/5400+30:1800+30"]

1. d4 Nf6 2. c4 e6 3. Nc3 d5 4. cxd5 exd5 5. Bg5 c6 6. e3 Nbd7 7. Bd3 Be7 8. Nge2 Nf8 9. O-O Ne6 10. Bh4 O-O 11. Qb1 g6 12. b4 a6 13. a4 Nh5 14. Bxe7 Qxe7 15. b5 axb5 16. axb5 Rxa1 17. Qxa1 f5 18. bxc6 bxc6 19. Qa4 Bd7 20. g3 Ng5 21. Rb1 f4 22. exf4 Nh3+ 23. Kf1 N3xf4 24. gxf4 Bh3+ 25. Ke1 Nxf4 26. Ba6 Qf6 27. Nxf4 Qxf4 28. Ne2 Qxf2+ 29. Kd2 Qf6 30. Bd3 Bg4 31. Re1 Qg5+ 32. Kc2 Qh4 33. Qb4 Qxh2 34. Qe7 Rf2 35. Kc3 Rf7 36. Qg5 Qc7 37. Ra1 Bxe2 38. Bxe2 c5 39. Qxd5 cxd4+ 40. Kxd4 Kg7 41. Bb5 Qh2 42. Ra2 Qg3 43. Bd3 Re7 44. Re2 Qg1+ 45. Kc3 Qc1+ 46. Kb4 Rxe2 47. Qd4+ Kh6 48. Qh4+ Kg7 49. Qd4+ Kh6 50. Qh4+ Kg7 1/2-1/2

[Event "Turkish Super League 2019"]
[Site "Konya"]
[Date "2019.07.19"]
[Round "3"]
[White "Kilic, Efe Mert"]
[Black "Aydin, Hakan Arda"]
[Result "0-1"]
[ECO "C47"]
[WhiteElo "2275"]
[BlackElo "1956"]
[Annotator "NA"]
[PlyCount "114"]
[EventDate "2019.07.17"]
[EventType "team-tourn"]
[EventCountry "TUR"]
[SourceTitle "playchess.com"]
[Source "ChessBase"]
[SourceQuality "1"]
[TimeControl "40/5400+30:1800+30"]

1. e4 e5 2. Nc3 Nf6 3. g3 d5 4. exd5 Nxd5 5. Bg2 Be6 6. Nf3 Nc6 7. O-O Bd6 8. d3 O-O 9. Ng5 Nxc3 10. bxc3 Bf5 11. Rb1 Rb8 12. Be3 Be7 13. Ne4 b6 14. Nd2 Qd7 15. Re1 f6 16. Qf3 Nd8 17. Qd5+ Qxd5 18. Bxd5+ Be6 19. Bg2 a5 20. c4 Bb4 21. Re2 Nf7 22. Ne4 Nd6 23. Nxd6 Bxd6 24. Bc6 Rfd8 25. Kg2 Kf7 26. h3 Bc5 27. Bxc5 bxc5 28. Ree1 Rxb1 29. Rxb1 Rd6 30. Be4 Rb6 31. Rb3 Bd7 32. Bd5+ Ke7 33. g4 Kd6 34. Be4 h6 35. Kg3 g5 36. Kf3 Rb4 37. a3 Rb6 38. Bd5 Ba4 39. Rxb6+ cxb6 40. c3 b5 41. Ke3 b4 42. Kd2 bxa3 43. Kc1 a2 44. Kb2 Bc2 45. Be4 Bb1 46. Bg6 a4 47. Bf5 a3+ 48. Ka1 Kc6 49. Bg6 Kb6 50. Bf5 Ka5 51. Bd7 Bxd3 52. Kxa2 Bf1 53. Kxa3 Bxh3 54. Kb3 h5 55. f3 e4 56. gxh5 Bxd7 57. fxe4 Be8 0-1

[Event "Turkish Super League 2019"]
[Site "Konya"]
[Date "2019.07.19"]
[Round "3"]
[White "Keler, Faruk"]
[Black "Ayan, Bengu Sena"]
[Result "1-0"]
[ECO "D78"]
[WhiteElo "2263"]
[BlackElo "1885"]
[Annotator "NA"]
[PlyCount "145"]
[EventDate "2019.07.17"]
[EventType "team-tourn"]
[EventCountry "TUR"]
[SourceTitle "playchess.com"]
[Source "ChessBase"]
[SourceQuality "1"]
[TimeControl "40/5400+30:1800+30"]

1. Nf3 d5 2. g3 Nf6 3. Bg2 g6 4. d4 Bg7 5. O-O O-O 6. c4 c6 7. Qb3 a5 8. cxd5 cxd5 9. Nc3 Nc6 10. Rd1 Ra6 11. Ne5 e6 12. Bf4 Rb6 13. Nxc6 Rxc6 14. Na4 Rc4 15. a3 b5 16. Nc5 Qb6 17. e3 Nd7 18. Nd3 Ba6 19. Bf1 Rc6 20. Rac1 Rfc8 21. Rxc6 Rxc6 22. Rc1 Rc4 23. Qd1 Rc6 24. Qd2 Bb7 25. Rxc6 Bxc6 26. Qc3 Bf8 27. b4 a4 28. Nc5 h6 29. h4 h5 30. Bd3 Nf6 31. Qc2 Kh7 32. Be5 Bxc5 33. bxc5 Qd8 34. Qb1 Nd7 35. Bxb5 Nxe5 36. dxe5 Qb8 37. Bd3 Qa7 38. Qb6 Qd7 39. Qb4 Qa7 40. g4 hxg4 41. h5 Be8 42. hxg6+ fxg6 43. Kg2 Qc7 44. Qd4 Qe7 45. Be2 Qg5 46. Bxg4 Bb5 47. Kf3 Qh4 48. Kg2 Qg5 49. Kg3 Qe7 50. Qb4 Bc6 51. Qb6 Qd7 52. Qb8 d4 53. Qd6 d3 54. Qxd7+ Bxd7 55. Kf4 Kg7 56. e4 Kf7 57. Ke3 Bb5 58. Kd2 Ke7 59. Bh3 Kd7 60. Bf1 Kc6 61. Bxd3 Kxc5 62. Bxb5 Kxb5 63. Kd3 Kc5 64. f4 Kb5 65. Kd4 Kc6 66. Kc4 Kb6 67. Kb4 Kc6 68. Kxa4 Kc5 69. Kb3 Kd4 70. a4 Kxe4 71. Kc4 Kxf4 72. a5 g5 73. a6 1-0

[Event "Turkish Super League 2019"]
[Site "Konya"]
[Date "2019.07.19"]
[Round "3"]
[White "Yaran, Siar"]
[Black "Rozum, Ivan"]
[Result "0-1"]
[ECO "A30"]
[WhiteElo "2197"]
[BlackElo "2583"]
[Annotator "ChessBase"]
[PlyCount "80"]
[EventDate "2019.07.17"]
[EventType "team-tourn"]
[EventCountry "TUR"]
[SourceTitle "playchess.com"]
[Source "ChessBase"]
[SourceQuality "1"]
[TimeControl "40/5400+30:1800+30"]

1. c4 Nf6 2. Nc3 c5 3. g3 e6 4. Nf3 b6 5. Bg2 Bb7 6. O-O d6 7. d4 cxd4 8. Qxd4 a6 9. Bg5 Nbd7 10. Rfd1 Be7 11. a4 O-O 12. Bxf6 Nxf6 13. b4 Qc7 14. Rac1 Rfd8 15. Nd2 Bxg2 16. Kxg2 Rac8 17. e4 Nd7 18. f4 Bf6 19. Qe3 Qc6 20. Nf3 Qa8 21. Ne2 Be7 22. Ned4 Bf8 23. Nb3 Rc7 24. a5 Rb8 25. axb6 Rxb6 26. e5 Rxb4 27. exd6 Rcxc4 28. Rxc4 Rxc4 29. Kh3 Rc2 30. Nbd4 Qd5 31. Nxc2 Qxd1 32. Ncd4 Nc5 33. f5 Qf1+ 34. Kh4 Bxd6 35. fxe6 Be7+ 36. Kg4 h5+ 37. Kf4 fxe6 38. Nxe6 Qc4+ 39. Nfd4 Qd5 40. h4 Bd6+ 0-1

[Event "Turkish Super League 2019"]
[Site "Konya"]
[Date "2019.07.19"]
[Round "3"]
[White "Akdogan, Alperen"]
[Black "Tarlabasi, Emirhan"]
[Result "1/2-1/2"]
[ECO "E07"]
[WhiteElo "2193"]
[BlackElo "2352"]
[Annotator "NA"]
[PlyCount "173"]
[EventDate "2019.07.17"]
[EventType "team-tourn"]
[EventCountry "TUR"]
[SourceTitle "playchess.com"]
[Source "ChessBase"]
[SourceQuality "1"]
[TimeControl "40/5400+30:1800+30"]

1. d4 d5 2. Nf3 Nf6 3. c4 e6 4. g3 Bb4+ 5. Bd2 Be7 6. Bg2 O-O 7. O-O c6 8. Bf4 Nbd7 9. Nc3 b6 10. Re1 Bb7 11. Rc1 a6 12. cxd5 cxd5 13. Qb3 Rc8 14. a4 h6 15. Na2 g5 16. Rxc8 Bxc8 17. Be3 Bd6 18. Rc1 Qe7 19. h4 Ne4 20. Nc3 Nxc3 21. Qxc3 f6 22. Qd3 Kg7 23. Bh3 Rd8 24. Qd2 Bb7 25. hxg5 hxg5 26. Kg2 Rh8 27. Rh1 Nf8 28. Bg4 Rxh1 29. Kxh1 Kg8 30. Qd3 Bc8 31. Kg1 Kg7 32. Kg2 Qe8 33. Qc2 Bd7 34. Bh3 Bxa4 35. b3 Bb5 36. Nh2 Qg6 37. Qd2 a5 38. f3 Bb4 39. Qc1 Bxe2 40. Qc7+ Qf7 41. Qxb6 Bd3 42. Kf2 Bc2 43. f4 Bxb3 44. fxg5 fxg5+ 45. Kg1 Qe7 46. Nf3 Nh7 47. Ne5 Nf8 48. Nc6 Qd6 49. Qb7+ Qd7 50. Qxd7+ Nxd7 51. Nxb4 axb4 52. Bd2 Nf6 53. Bxe6 Ne4 54. Bxb4 Nxg3 55. Kf2 Ne4+ 56. Ke3 Kg6 57. Be7 Kh5 58. Kf3 Kh4 59. Kg2 Nc3 60. Bb4 Ne2 61. Be1+ Kh5 62. Bf7+ Kh6 63. Bf2 Nf4+ 64. Kf3 Bd1+ 65. Kg3 Kg7 66. Be8 Kf6 67. Bd7 Ne2+ 68. Kg2 Bc2 69. Be3 Bf5 70. Bc6 Be4+ 71. Kf2 Nc3 72. Kg3 Bf5 73. Kf3 Be6 74. Bd2 Ne4 75. Bc1 Kf5 76. Bb5 g4+ 77. Kg2 Kf6 78. Bd3 Nc3 79. Bd2 Na4 80. Kg3 Nb2 81. Be2 Nc4 82. Bc1 Nd6 83. Bxg4 Bxg4 84. Kxg4 Nf5 85. Kf4 Nxd4 86. Bb2 Ke6 87. Bxd4 1/2-1/2

[Event "Turkish Super League 2019"]
[Site "Konya"]
[Date "2019.07.19"]
[Round "3"]
[White "Seyhanoglu, Deniz"]
[Black "Secer, Ata"]
[Result "0-1"]
[ECO "A21"]
[WhiteElo "2115"]
[BlackElo "2324"]
[Annotator "NA"]
[PlyCount "78"]
[EventDate "2019.07.17"]
[EventType "team-tourn"]
[EventCountry "TUR"]
[SourceTitle "playchess.com"]
[Source "ChessBase"]
[SourceQuality "1"]
[TimeControl "40/5400+30:1800+30"]

1. c4 Nf6 2. Nc3 e5 3. g3 Bb4 4. Bg2 Bxc3 5. bxc3 O-O 6. d3 Re8 7. e4 c6 8. Ne2 d5 9. cxd5 cxd5 10. O-O dxe4 11. dxe4 Nc6 12. Be3 Be6 13. f3 Qxd1 14. Rfxd1 Red8 15. Rxd8+ Rxd8 16. Bf1 Ne8 17. Nc1 Nd6 18. Nb3 b6 19. Rd1 Kf8 20. Bc1 Ke8 21. Ba3 Nc4 22. Rxd8+ Kxd8 23. Bxc4 Bxc4 24. Kf2 g6 25. Nc1 Kd7 26. Ke3 Ke6 27. Bf8 f5 28. Kd2 h5 29. Ke3 g5 30. f4 exf4+ 31. gxf4 g4 32. e5 h4 33. Bh6 h3 34. Kf2 Kd5 35. Bg5 Ke4 36. Nb3 Kd3 37. Nd4 Nxd4 38. cxd4 Bxa2 39. Bf6 b5 0-1